Description

Game 3 vs Cure - GSL Season 1 Code S Semi-Finals

VOD

https://youtu.be/8VWNtW4xRfU?t=2354

Build Order

Get SALT Encoding   

  14  0:20  Supply Depot  Main ramp.
  15  0:30  Refinery  
  16  0:45  Barracks  
  17  0:55  Refinery  
  19  1:35  Orbital Command, Factory  Above/below rax.
  19  1:37  Marine  
  20  1:50  Supply Depot  Main ramp.
  21  1:55  Barracks Tech Lab  Lift rax off as soon as tech lab finishes.
  22  2:20  Hellion, Starport  On tech lab.
  24  2:25  Reaper  Float distance will affect how quickly reaper starts.
  26  2:35  Supply Depot  Main ramp.
  27  2:45  Hellion  
  29  3:00  Cloaking Field, Banshee  
  32  3:05  Barracks Reactor  
  33  3:10  Widow Mine  
  35  3:15  Supply Depot  
  37  3:45  Raven  *Or Banshee depending on your scout.
  39  3:50  Marine x2  Continuous
  42  3:55  Widow Mine  
  43  4:00  Command Center  
Spawning Tool Build Advisor. Get it on Overwolf

Analysis

Standard 1/1/1 adapted for LotV with Banshee harass + reaper hellion pressure. This pressure will allow you to keep your opponent on the defense and whittle down their unit count while you take an expansion.

Go to:

Details

  • Created by: Rayvenx     
  • Published on: May 14, 2016
  • Modified on: May 14, 2016
  • Patch: Pre-3.8.0
Show
View Real Time Build Order
Export as new Build Order

Comments (0)

There are no comments. Be the first!

Create an account to comment!